[Event "Titled Tuesday Blitz December 7 2021"]
[White "Rustemov, Alexander"]
[Black "Pham, Le Thao Nguyen"]
[WhiteFideId "4119002"]
[BlackFideId "12401226"]
[WhiteElo "2738"]
[BlackElo "2286"]
[Result "1-0"]
[Round "06"]
[TimeControl "180+1"]
[Date "2021.12.07"]
[WhiteClock "0:00:12"]
[BlackClock "0:00:00"]

1. d4 d5 2. c4 c6 3. Nc3 Nf6 4. e3 a6 5. Qc2 b5 6. b3 e6 7. Nf3 Be7 8. Bd3 bxc4 9. bxc4 O-O 10. c5 a5 11. O-O Ba6 12. Rb1 Bxd3 13. Qxd3 Nbd7 14. Bd2 Qc7 15. Rb3 Rfb8 16. Rfb1 h6 17. h3 Qa7 18. Rxb8+ Rxb8 19. Rxb8+ Nxb8 20. Qb1 Nfd7 21. Ne1 Bd8 22. Nd3 Bc7 23. Ne2 Nf6 24. f3 Na6 25. a3 Qb8 26. Qxb8+ Nxb8 27. Nec1 Nfd7 28. a4 e5 29. Nb3 e4 30. Ne1 Na6 31. Bxa5 Bg3 32. Nc2 f5 33. Kf1 g5 34. Nb4 Ndb8 35. Ke2 f4 36. fxe4 dxe4 37. Nxa6 Nxa6 38. Nd2 fxe3 39. Nxe4 Bf4 40. g3 Bb8 41. Kxe3 Kf7 42. g4 Ke6 43. Kd3 Bf4 44. Bc3 Nb8 45. Kc4 1-0


[Site "https://www.chess.com"]

[Event "Titled Tuesday Blitz December 7 2021"]
[White "Saraci, Nderim"]
[Black "Tarasova, Viktoriya"]
[WhiteFideId "6351921"]
[BlackFideId "4175840"]
[WhiteElo "2479"]
[BlackElo "2182"]
[Result "1-0"]
[Round "06"]
[TimeControl "180+1"]
[Date "2021.12.07"]
[WhiteClock "0:02:20"]
[BlackClock "0:01:39"]

1. Nf3 Nf6 2. g3 b6 3. Bg2 Bb7 4. O-O c5 5. b3 e6 6. Bb2 Be7 7. c4 O-O 8. d4 cxd4 9. Qxd4 d6 10. Nc3 Nc6 11. Qd2 a6 12. Rfd1 Qc7 13. Rac1 Rfd8 14. Nd5 exd5 15. cxd5 Qd7 16. dxc6 Bxc6 17. Bxf6 Bxf6 18. Ne5 dxe5 19. Qxd7 Rxd7 20. Rxd7 Bxg2 21. Kxg2 h6 22. Rcc7 a5 23. Rxf7 Rd8 24. Rfd7 Re8 25. Rb7 Re6 26. Rb8+ Kh7 27. Rdb7 e4 28. Rxb6 Re7 29. R8b7 Re8 30. Rxf6 1-0


[Site "https://www.chess.com"]

[Event "Titled Tuesday Blitz December 7 2021"]
[White "Sarana, Alexey"]
[Black "Bologan, Victor"]
[WhiteFideId "24133795"]
[BlackFideId "13900048"]
[WhiteElo "2672"]
[BlackElo "2472"]
[Result "0-1"]
[Round "06"]
[TimeControl "180+1"]
[Date "2021.12.07"]
[WhiteClock "0:00:06"]
[BlackClock "0:01:05"]

1. c4 e5 2. Nc3 Nf6 3. e3 Bb4 4. Nd5 Nxd5 5. cxd5 O-O 6. Nf3 d6 7. Bd3 f5 8. Bb1 c5 9. dxc6 Nxc6 10. O-O d5 11. Qb3 Be7 12. d3 Kh8 13. Bd2 Rb8 14. Bc3 Bf6 15. d4 e4 16. Ne5 Be6 17. f4 Bxe5 18. fxe5 Qg5 19. Be1 f4 20. Bxe4 fxe3 21. Bc3 e2 22. Rf3 dxe4 23. Rg3 Qf5 24. d5 Qf1+ 0-1


[Site "https://www.chess.com"]

[Event "Titled Tuesday Blitz December 7 2021"]
[White "Savchenko, Boris"]
[Black "Vypkhaniuk, Ihor"]
[WhiteFideId "4147332"]
[BlackFideId "14112256"]
[WhiteElo "2499"]
[BlackElo "2327"]
[Result "1-0"]
[Round "06"]
[TimeControl "180+1"]
[Date "2021.12.07"]
[WhiteClock "0:00:22"]
[BlackClock "0:00:04"]

1. e4 d5 2. exd5 Nf6 3. Nf3 Bg4 4. Bb5+ Nbd7 5. c4 e6 6. dxe6 fxe6 7. Ba4 c6 8. d4 e5 9. dxe5 Qa5+ 10. Bd2 Bxf3 11. Bxa5 Bxd1 12. Bxd1 Nxe5 13. Be2 Bc5 14. Nd2 Kf7 15. Nb3 Bb6 16. O-O Rhe8 17. Rfd1 Bxa5 18. Nxa5 b6 19. Nb3 c5 20. f3 Nc6 21. Kf2 Rad8 22. Rxd8 Rxd8 23. a3 g5 24. Rd1 Rxd1 25. Bxd1 Ke6 26. Ke3 Ke5 27. Nc1 h6 28. Nd3+ Ke6 29. f4 Na5 30. b3 Nc6 31. g3 g4 32. b4 cxb4 33. axb4 a5 34. bxa5 bxa5 35. Ba4 Ne7 36. Nc5+ Kd6 37. Nb7+ Kc7 38. Nxa5 Nf5+ 39. Kd3 h5 40. Nc6 h4 41. gxh4 Nxh4 42. Nd4 Ng6 43. Ke3 Kd6 44. Bc2 Nh4 45. Nf5+ Nxf5+ 46. Bxf5 Kc5 47. Be6 Kd6 48. f5 Kc5 49. Kf4 Kd4 50. Kg5 g3 51. hxg3 Ne4+ 52. Kh4 Ke5 53. g4 Kf4 54. Bd5 Nf6 55. g5 Nh7 56. g6 Nf6 57. g7 Kxf5 58. g8=Q Nxg8 59. Bxg8 Ke5 60. Bd5 Kd6 61. Kg5 1-0


[Site "https://www.chess.com"]

[Event "Titled Tuesday Blitz December 7 2021"]
[White "Seletsky, Grigory"]
[Black "Guz, Ari"]
[WhiteFideId "14112191"]
[BlackFideId "2825759"]
[WhiteElo "2492"]
[BlackElo "1913"]
[Result "1/2-1/2"]
[Round "06"]
[TimeControl "180+1"]
[Date "2021.12.07"]
[WhiteClock "0:01:54"]
[BlackClock "0:01:21"]

1. d4 d5 2. c4 c6 3. cxd5 cxd5 4. Nc3 Nc6 5. Nf3 Nf6 6. Bf4 a6 7. e3 Bf5 8. Bd3 Bxd3 9. Qxd3 e6 10. O-O Bd6 11. Bxd6 Qxd6 12. Rfc1 O-O 13. a3 e5 14. dxe5 Nxe5 15. Nxe5 Qxe5 16. Qd4 Qxd4 17. exd4 Rfe8 18. Re1 Re6 19. f3 Rc8 20. Kf2 Kf8 21. Rac1 Rc4 22. Ne2 Rec6 23. Rxc4 Rxc4 24. Rc1 b5 25. b3 Rxc1 26. Nxc1 Ke7 27. Nd3 Nd7 28. Nc5 Nb8 29. Ke3 a5 30. Kd3 Nc6 31. Ke3 Kd6 32. Kd3 f6 33. Kc3 b4+ 34. axb4 axb4+ 35. Kd3 1/2-1/2


[Site "https://www.chess.com"]

[Event "Titled Tuesday Blitz December 7 2021"]
[White "Shkapenko, Pavel"]
[Black "King, Alexander"]
[WhiteFideId "4151933"]
[BlackFideId "2063620"]
[WhiteElo "2386"]
[BlackElo "2306"]
[Result "1-0"]
[Round "06"]
[TimeControl "180+1"]
[Date "2021.12.07"]
[WhiteClock "0:00:19"]
[BlackClock "0:00:01"]

1. e4 e6 2. d4 d5 3. exd5 exd5 4. Nf3 Nf6 5. c4 Bb4+ 6. Nc3 O-O 7. Be2 dxc4 8. Bxc4 Nc6 9. O-O Bg4 10. Be3 h6 11. Re1 Bxf3 12. Qxf3 Nxd4 13. Qxb7 Bxc3 14. bxc3 Nc2 15. Red1 Qe7 16. Rab1 Nxe3 17. fxe3 Qxe3+ 18. Kh1 Qxc3 19. Rbc1 Qa5 20. Bxf7+ Kh8 21. Qxc7 Qxc7 22. Rxc7 Ng4 23. Re1 a5 24. h3 Nf6 25. Ree7 Rac8 26. Ra7 Rc5 27. Bg6 Rg8 28. Kh2 Rg5 29. Bc2 Rc8 30. Bb3 h5 31. a4 Rcc5 32. Reb7 Kh7 33. Rb6 Kh6 34. Ra8 Rc3 35. Rh8+ Kg6 36. Bd1 Rcg3 37. Bf3 Rxf3 38. gxf3 1-0


[Site "https://www.chess.com"]

[Event "Titled Tuesday Blitz December 7 2021"]
[White "Sinitsina, Anastassia"]
[Black "Vakhlamov, Igor L."]
[WhiteFideId "4504640"]
[BlackFideId "24126748"]
[WhiteElo "2161"]
[BlackElo "2416"]
[Result "0-1"]
[Round "06"]
[TimeControl "180+1"]
[Date "2021.12.07"]
[WhiteClock "0:00:59"]
[BlackClock "0:00:54"]

1. Nf3 c5 2. e4 Nc6 3. d4 cxd4 4. Nxd4 g6 5. Nc3 Bg7 6. Be3 Nf6 7. f3 O-O 8. Qd2 d5 9. Nxc6 bxc6 10. e5 Nd7 11. f4 f6 12. Nxd5 fxe5 13. fxe5 cxd5 14. Qxd5+ Kh8 15. Qxa8 Qa5+ 16. c3 Qxe5 17. Qxa7 Bh6 18. Kd2 Rd8 19. Qd4 Bxe3+ 20. Qxe3 Nc5+ 21. Ke2 Bg4+ 22. Kf2 Rf8+ 0-1


[Site "https://www.chess.com"]

[Event "Titled Tuesday Blitz December 7 2021"]
[White "Sokolin, Leonid"]
[Black "Matinian, Nikita"]
[WhiteFideId "2009161"]
[BlackFideId "24129100"]
[WhiteElo "2394"]
[BlackElo "2422"]
[Result "1/2-1/2"]
[Round "06"]
[TimeControl "180+1"]
[Date "2021.12.07"]
[WhiteClock "0:00:04"]
[BlackClock "0:00:09"]

1. e4 e5 2. Nf3 Nc6 3. Nc3 Nf6 4. Bb5 Bd6 5. d4 exd4 6. Nxd4 O-O 7. O-O Re8 8. Nf5 Bf8 9. Bg5 d6 10. Bxc6 bxc6 11. Qf3 Bxf5 12. Qxf5 Qd7 13. Qxd7 Nxd7 14. Rad1 Rab8 15. b3 g6 16. f3 Bg7 17. Na4 c5 18. Rfe1 Nb6 19. Nxb6 axb6 20. a4 b5 21. axb5 Rxb5 22. Kf2 Ra5 23. Be3 Ra2 24. Re2 f5 25. exf5 gxf5 26. Rdd2 Kf7 27. Bf4 Bd4+ 28. Kg3 Rg8+ 29. Kh3 Rg6 30. g4 Ra1 31. g5 Rf1 32. Kg2 Rg1+ 33. Kh3 Rg8 34. Rg2 Rf1 35. Kg3 h6 36. h4 hxg5 37. hxg5 Rh8 38. Rh2 Rg1+ 39. Rdg2 Rxh2 40. Kxh2 Rf1 41. Kg3 Kg6 42. Bd2 Rd1 43. f4 d5 44. Rh2 Bg7 45. Kf3 c4 46. Ke2 cxb3 47. cxb3 Rb1 48. Rh3 c5 49. Re3 Bd4 50. Re6+ Kf7 51. Rd6 Rxb3 52. Rxd5 Rh3 53. Rxf5+ Ke6 54. Rf8 Kd5 55. g6 Rg3 56. f5 Ke4 57. Rf7 c4 58. f6 c3 59. Re7+ Kf5 60. f7 Bg7 61. Re8 Rg2+ 62. Kf3 cxd2 63. f8=Q+ Bxf8 64. Rxf8+ Kxg6 65. Rd8 Rh2 66. Kg3 Re2 67. Kf3 Re6 68. Rxd2 Rf6+ 69. Kg4 Re6 70. Rd4 Rf6 71. Rf4 Rxf4+ 72. Kxf4 1/2-1/2


[Site "https://www.chess.com"]

[Event "Titled Tuesday Blitz December 7 2021"]
[White "Solon, Nathan"]
[Black "Bueno, Alfeu Junior Varela"]
[WhiteFideId "2017229"]
[BlackFideId "2108879"]
[WhiteElo "2563"]
[BlackElo "2225"]
[Result "1-0"]
[Round "06"]
[TimeControl "180+1"]
[Date "2021.12.07"]
[WhiteClock "0:00:48"]
[BlackClock "0:00:23"]

1. d4 e6 2. c4 f5 3. g3 Nf6 4. Bg2 Be7 5. Nc3 O-O 6. Nf3 d5 7. O-O c6 8. b3 b6 9. Bb2 Bb7 10. Rc1 Bd6 11. Qc2 Nbd7 12. cxd5 cxd5 13. Nb5 Qe7 14. Nxd6 Qxd6 15. Qc7 Qxc7 16. Rxc7 Ba6 17. Rfc1 Bxe2 18. Ng5 Rfe8 19. Re1 h6 20. Nh3 Bh5 21. Nf4 Bf7 22. Rec1 b5 23. Bf1 a6 24. a4 bxa4 25. bxa4 Reb8 26. Ba3 Rb3 27. Bd6 g5 28. Nd3 Rb6 29. Be7 Re8 30. Bxf6 Nxf6 31. Ne5 Bh5 32. a5 Rd6 33. R1c6 Rxc6 34. Rxc6 Ng4 35. Nxg4 Bxg4 36. Bxa6 Rb8 37. Rc8+ Rxc8 38. Bxc8 f4 39. a6 e5 40. Bxg4 1-0


[Site "https://www.chess.com"]

[Event "Titled Tuesday Blitz December 7 2021"]
[White "Starozhilov, Leonid"]
[Black "Di Nicolantonio, Lucas"]
[WhiteFideId "14106752"]
[BlackFideId "680460"]
[WhiteElo "2414"]
[BlackElo "2381"]
[Result "1-0"]
[Round "06"]
[TimeControl "180+1"]
[Date "2021.12.07"]
[WhiteClock "0:00:15"]
[BlackClock "0:00:04"]

1. e4 c5 2. Nf3 d6 3. Bb5+ Nd7 4. O-O Nf6 5. Re1 g6 6. c3 Bg7 7. d4 O-O 8. e5 Nd5 9. Bg5 h6 10. Bh4 dxe5 11. dxe5 Nf4 12. Qa4 g5 13. Rd1 Qb6 14. Bg3 Nxe5 15. Nxe5 Bxe5 16. Nd2 a6 17. Bf1 Be6 18. Bc4 Qc7 19. Qc2 Rad8 20. Re1 Bg7 21. Bxe6 fxe6 22. Ne4 Rf5 23. h4 Qc6 24. hxg5 hxg5 25. Bxf4 gxf4 26. f3 Rfd5 27. Qf2 e5 28. Re2 Qg6 29. Rae1 c4 30. b3 cxb3 31. axb3 b5 32. c4 bxc4 33. bxc4 Rd4 34. c5 a5 35. Qh4 e6 36. c6 Rc8 37. Rc1 a4 38. Qe7 Bf8 39. Nf6+ Kh8 40. Qxe6 Bg7 41. Qxc8+ Rd8 42. Qxd8+ Bf8 43. Qxf8+ Qg8 44. Qxg8# 1-0


[Site "https://www.chess.com"]

[Event "Titled Tuesday Blitz December 7 2021"]
[White "Svane, Rasmus"]
[Black "Saydaliev, Saidakbar"]
[WhiteFideId "4657101"]
[BlackFideId "14203693"]
[WhiteElo "2643"]
[BlackElo "2279"]
[Result "1-0"]
[Round "06"]
[TimeControl "180+1"]
[Date "2021.12.07"]
[WhiteClock "0:00:33"]
[BlackClock "0:00:04"]

1. Nf3 Nf6 2. g3 b6 3. Bg2 Bb7 4. O-O e6 5. c4 c5 6. Nc3 Be7 7. d4 cxd4 8. Qxd4 O-O 9. Rd1 Na6 10. Bf4 Nc5 11. Bd6 Bxd6 12. Qxd6 Nce4 13. Nxe4 Bxe4 14. Ne5 Bxg2 15. Kxg2 Qc8 16. Rd4 Qb7+ 17. f3 Rac8 18. Rad1 Qa6 19. a3 Qa5 20. Nxd7 Nxd7 21. Qxd7 Qe5 22. Qxc8 Qxe2+ 23. Kh3 Qxf3 24. Qd7 g5 25. R4d3 g4+ 26. Kh4 Qf5 27. Qe7 f6 28. Rd5 exd5 29. Rxd5 Qc2 30. Rd7 Qg6 31. Qe6+ Kh8 32. Qxg4 Qh6+ 33. Qh5 1-0


[Site "https://www.chess.com"]

[Event "Titled Tuesday Blitz December 7 2021"]
[White "Svicevic, Rastko"]
[Black "Mustafayev, Farid"]
[WhiteFideId "916315"]
[BlackFideId "13408771"]
[WhiteElo "2098"]
[BlackElo "2091"]
[Result "0-1"]
[Round "06"]
[TimeControl "180+1"]
[Date "2021.12.07"]
[WhiteClock "0:01:10"]
[BlackClock "0:01:51"]

1. d4 Nf6 2. Bg5 Ne4 3. Bf4 d5 4. e3 Nd7 5. Bd3 Nd6 6. Ne2 g6 7. Nd2 Bg7 8. c3 e5 9. Bg3 O-O 10. O-O h5 11. f4 e4 12. Bc2 Nf5 13. Bf2 Nf6 14. c4 Ng4 15. cxd5 Nfxe3 16. Qc1 Nxc2 17. Qxc2 e3 0-1


[Site "https://www.chess.com"]

[Event "Titled Tuesday Blitz December 7 2021"]
[White "Sviridov, Valery"]
[Black "Pulpan, Jakub"]
[WhiteFideId "4120680"]
[BlackFideId "302759"]
[WhiteElo "2454"]
[BlackElo "2471"]
[Result "1-0"]
[Round "06"]
[TimeControl "180+1"]
[Date "2021.12.07"]
[WhiteClock "0:01:28"]
[BlackClock "0:00:39"]

1. Nf3 d5 2. g3 g6 3. Bg2 Bg7 4. O-O e5 5. d3 Ne7 6. e4 O-O 7. exd5 Nxd5 8. Re1 Nc6 9. Nc3 Nde7 10. Bd2 a5 11. a3 Nf5 12. Rb1 Re8 13. b4 axb4 14. axb4 Nfd4 15. b5 Nxf3+ 16. Bxf3 Nd4 17. Bg2 h5 18. h3 Be6 19. Ne4 Qc8 20. c3 Nf5 21. Nc5 Rb8 22. Nxe6 Qxe6 23. Qe2 b6 24. Ra1 Nd6 25. c4 e4 26. Ra4 exd3 27. Qxd3 Qf5 28. Qxf5 Nxf5 29. Rxe8+ Rxe8 30. Kf1 Bh6 31. Bc6 Re7 32. Bb4 Re5 33. Ra7 Nd6 34. Rxc7 Nxc4 35. Rc8+ Kh7 36. Bc3 Nd6 37. Rh8+ Kxh8 38. Bxe5+ 1-0


[Site "https://www.chess.com"]

[Event "Titled Tuesday Blitz December 7 2021"]
[White "Todorovic, Bojan"]
[Black "Karas, Marek"]
[WhiteFideId "917087"]
[BlackFideId "14928558"]
[WhiteElo "2266"]
[BlackElo "2270"]
[Result "1-0"]
[Round "06"]
[TimeControl "180+1"]
[Date "2021.12.07"]
[WhiteClock "0:00:18"]
[BlackClock "0:00:01"]

1. d4 Nf6 2. c4 g6 3. Nc3 Bg7 4. e4 d6 5. Nf3 O-O 6. Be2 Bg4 7. Be3 Nfd7 8. Rc1 Nc6 9. d5 Bxf3 10. Bxf3 Ncb8 11. h4 c6 12. h5 Qa5 13. hxg6 hxg6 14. Qd2 Re8 15. Bh6 Bf6 16. Qf4 Ne5 17. Be2 Nbd7 18. Qh2 Nc5 19. Bg5 Bg7 20. Qh7+ Kf8 21. Bh6 e6 22. Qxg7+ Ke7 23. Bg5+ Kd7 24. dxc6+ Kxc6 25. Rd1 Qb4 26. Bf4 Rg8 27. Qf6 Ncd7 28. Qg5 f6 29. Qg3 Qxb2 30. Nb5 Qb4+ 31. Bd2 Qc5 32. f4 Nf7 33. Qc3 a6 34. Be3 axb5 35. Bxc5 Nxc5 36. cxb5+ Kc7 37. Rh7 Raf8 38. e5 fxe5 39. fxe5 Kb8 40. exd6 1-0


[Site "https://www.chess.com"]

[Event "Titled Tuesday Blitz December 7 2021"]
[White "Tologon tegin, Semetei"]
[Black "Ibrahimli, Murad"]
[WhiteFideId "13800574"]
[BlackFideId "13410229"]
[WhiteElo "2224"]
[BlackElo "2109"]
[Result "1-0"]
[Round "06"]
[TimeControl "180+1"]
[Date "2021.12.07"]
[WhiteClock "0:00:09"]
[BlackClock "0:00:07"]

1. d4 Nf6 2. Nc3 d5 3. Bf4 c5 4. e3 Bg4 5. Nf3 cxd4 6. exd4 e6 7. a3 Nc6 8. Bb5 Rc8 9. h3 Bxf3 10. Qxf3 Bd6 11. O-O Bxf4 12. Qxf4 O-O 13. Bd3 Qb6 14. Ne2 Rfe8 15. Rab1 Na5 16. c3 Nc4 17. Rfe1 Qc7 18. Qh4 b5 19. Ng3 Qd6 20. Re2 a5 21. Rbe1 b4 22. axb4 axb4 23. Bxc4 dxc4 24. Re5 bxc3 25. bxc3 Kh8 26. R1e3 Rb8 27. Rf3 Qd8 28. Ne4 Nxe4 29. Qxe4 Kg8 30. Rh5 f5 31. Qe5 g6 32. Rg3 Rb1+ 33. Kh2 Qb8 34. Qf6 Qc7 35. Qh4 Qg7 36. f4 Rf8 37. Rh6 Rf6 38. Rxh7 Qxh7 39. Qxf6 Qf7 40. Rxg6+ Kf8 41. Qd8+ Qe8 42. Rf6+ Kg7 43. Qxe8 Kxf6 44. Qf8+ Kg6 45. Qc5 Rc1 46. Qxc4 Rc2 47. Qxe6+ Kg7 48. Qxf5 Rxc3 49. Qe5+ Kf7 50. d5 Rd3 51. d6 Rd1 52. Qe7+ Kg6 53. d7 1-0


[Site "https://www.chess.com"]

[Event "Titled Tuesday Blitz December 7 2021"]
[White "Vidit, Santosh Gujrathi"]
[Black "Fawzy, Adham"]
[WhiteFideId "5029465"]
[BlackFideId "10613129"]
[WhiteElo "2628"]
[BlackElo "2508"]
[Result "0-1"]
[Round "06"]
[TimeControl "180+1"]
[Date "2021.12.07"]
[WhiteClock "0:00:01"]
[BlackClock "0:00:01"]

1. d4 Nf6 2. c4 e6 3. Nf3 Bb4+ 4. Bd2 Qe7 5. g3 b6 6. Bg2 Bb7 7. O-O Bxd2 8. Qxd2 O-O 9. Re1 d5 10. cxd5 exd5 11. b4 c6 12. Qb2 Nbd7 13. Nc3 Ne4 14. a4 Rae8 15. e3 Nd6 16. b5 Nc4 17. Qa2 c5 18. Rad1 Nf6 19. Bf1 Rc8 20. Rc1 Nd6 21. a5 Nfe4 22. axb6 Nxc3 23. Rxc3 axb6 24. Rec1 Ne4 25. Ra3 Ra8 26. Ra1 h6 27. Qb2 Rxa3 28. Rxa3 c4 29. Ra7 Ra8 30. Qa1 Rxa7 31. Qxa7 Qc7 32. Ne5 c3 33. Nd3 c2 34. Nc1 Qc3 35. Qxb7 Qd2 0-1


[Site "https://www.chess.com"]

[Event "Titled Tuesday Blitz December 7 2021"]
[White "Vlassov, Nikolai"]
[Black "Diaz Camallonga, Carles"]
[WhiteFideId "4103360"]
[BlackFideId "22235256"]
[WhiteElo "2407"]
[BlackElo "2438"]
[Result "1-0"]
[Round "06"]
[TimeControl "180+1"]
[Date "2021.12.07"]
[WhiteClock "0:00:10"]
[BlackClock "0:00:12"]

1. e4 e6 2. d4 d5 3. exd5 exd5 4. Nf3 Nc6 5. Bd3 Bd6 6. O-O Nge7 7. Re1 Bg4 8. c3 Qd7 9. Nbd2 f6 10. b4 O-O 11. b5 Na5 12. c4 dxc4 13. Nxc4 Nxc4 14. Bxc4+ Kh8 15. h3 Bh5 16. a4 Bf7 17. Qb3 Bxc4 18. Qxc4 a6 19. Rb1 axb5 20. axb5 Nc8 21. Bd2 Nb6 22. Qe6 Qxe6 23. Rxe6 Nd5 24. b6 Ra6 25. bxc7 Nxc7 26. Ree1 b5 27. Bb4 Bxb4 28. Rxb4 Rb6 29. Reb1 Rfb8 30. Ne1 Nd5 31. R4b3 Kg8 32. Nd3 Kf7 33. g3 Ke7 34. Kg2 Kd6 35. Kf3 b4 36. h4 Rc8 37. Nc5 Ra8 38. Ne4+ Ke7 39. Nc5 Ra2 40. Re1+ Kf7 41. Reb1 f5 42. Nd3 Kf6 43. Nxb4 Nxb4 44. Rxb4 Rd6 45. Rb6 Ra6 46. Rxd6+ Rxd6 47. Ke3 h6 48. Rb5 g5 49. hxg5+ hxg5 50. d5 Ra6 51. Kd4 Ra4+ 52. Kc5 Ra2 53. Rb6+ Kf7 54. f4 gxf4 55. gxf4 Ra4 56. Rb4 Ra8 57. Kd6 Kf6 58. Kc7 Ra7+ 59. Kc6 Ra6+ 60. Rb6 Ra4 61. Kb5+ 1-0


[Site "https://www.chess.com"]

[Event "Titled Tuesday Blitz December 7 2021"]
[White "Volkov, Maksim"]
[Black "Preotu, Razvan"]
[WhiteFideId "54123070"]
[BlackFideId "2613280"]
[WhiteElo "2081"]
[BlackElo "2407"]
[Result "0-1"]
[Round "06"]
[TimeControl "180+1"]
[Date "2021.12.07"]
[WhiteClock "0:00:03"]
[BlackClock "0:00:05"]

1. d4 Nf6 2. c4 g6 3. Nf3 Bg7 4. g3 c6 5. Nc3 d5 6. cxd5 cxd5 7. Bg2 O-O 8. Ne5 Nc6 9. Nxc6 bxc6 10. O-O e5 11. dxe5 Ng4 12. Qa4 Qb6 13. b3 Bxe5 14. Bb2 Qa6 15. Qb4 Rb8 16. Qc5 Nf6 17. Rac1 Nd7 18. Qe7 Bf6 19. Qd6 Be5 20. Qe7 d4 21. Na4 Bf6 22. Qd6 Qxe2 23. Bxc6 Qe5 24. Qa3 Nb6 25. Rfe1 Qh5 26. Nc5 Bg4 27. Ne4 Bg7 28. Rc5 Bf5 29. Qxa7 Rfd8 30. Qe7 d3 31. Bxg7 Kxg7 32. Qf6+ Kg8 33. Ng5 d2 34. Qxf7+ Kh8 35. Qf6+ Kg8 36. Qf7+ Kh8 37. Qf6+ Kg8 38. Bd5+ Nxd5 39. Qf7+ Kh8 40. Rf1 d1=Q 41. Rxd1 Qxd1+ 42. Kg2 Ne3+ 0-1


[Site "https://www.chess.com"]

[Event "Titled Tuesday Blitz December 7 2021"]
[White "Vovk, Orest"]
[Black "Shipov, Sergei"]
[WhiteFideId "14113490"]
[BlackFideId "4113624"]
[WhiteElo "2203"]
[BlackElo "2749"]
[Result "0-1"]
[Round "06"]
[TimeControl "180+1"]
[Date "2021.12.07"]
[WhiteClock "0:00:02"]
[BlackClock "0:00:19"]

1. h4 d5 2. h5 h6 3. e4 dxe4 4. Nc3 Nf6 5. Qe2 Nc6 6. Nxe4 e5 7. Nf3 Bg4 8. c3 Be7 9. Nxf6+ Bxf6 10. Qe4 Qd7 11. Bc4 O-O-O 12. Bb5 Rhe8 13. Bxc6 bxc6 14. d3 Bf5 15. Qa4 Bxd3 16. Qxa7 Qg4 17. Be3 Qxg2 18. O-O-O Rd5 19. Nd2 Qg4 20. Nb3 Be7 21. Rhg1 Qc4 22. Na5 Qb5 23. a4 Qxa4 24. Rxd3 Rxa5 25. Qxa5 Qxa5 26. Rxg7 Qa1+ 27. Kc2 Qa4+ 28. Kc1 Qe4 29. Rd2 Bg5 0-1


[Site "https://www.chess.com"]

[Event "Titled Tuesday Blitz December 7 2021"]
[White "Wadsworth, Matthew J"]
[Black "Madaminov, Mukhiddin"]
[WhiteFideId "415804"]
[BlackFideId "14210703"]
[WhiteElo "2293"]
[BlackElo "1916"]
[Result "1-0"]
[Round "06"]
[TimeControl "180+1"]
[Date "2021.12.07"]
[WhiteClock "0:00:20"]
[BlackClock "0:00:03"]

1. c4 Nf6 2. g3 c6 3. Bg2 d5 4. Nf3 g6 5. b3 Bg7 6. Bb2 O-O 7. O-O Nbd7 8. Nc3 Ne4 9. Qc2 Ndc5 10. d3 Nxc3 11. Bxc3 d4 12. Bd2 a5 13. a3 a4 14. b4 Nb3 15. Rad1 e5 16. Bc1 h6 17. Nd2 Nxd2 18. Bxd2 Be6 19. e3 dxe3 20. Bxe3 Rc8 21. Qxa4 Qd7 22. b5 Ra8 23. bxc6 bxc6 24. Qxc6 Qxc6 25. Bxc6 Rxa3 26. Bc5 Rc3 27. Bxf8 Bxf8 28. Bd5 Bg4 29. Rc1 Rxd3 30. Be4 Rd4 31. f3 Bc5 32. Kh1 Kg7 33. Rcd1 Be6 34. Rxd4 Bxd4 35. Bd5 Kf6 36. Bxe6 Kxe6 37. Rb1 h5 38. Rb7 f5 39. Kg2 Be3 40. h4 e4 41. fxe4 fxe4 42. Rb8 Bd4 43. Rd8 Bb6 44. Rf8 Bd4 45. Kf1 Be5 46. Kf2 e3+ 47. Kf3 e2 48. Re8+ Kf6 49. Rxe5 Kxe5 50. Kxe2 Kd4 51. Kf3 Kxc4 52. Kf4 Kd5 53. Kg5 Ke4 54. Kxg6 Kf3 55. Kxh5 Kxg3 56. Kg5 1-0


[Site "https://www.chess.com"]

[Event "Titled Tuesday Blitz December 7 2021"]
[White "Weetik, Vjacheslav"]
[Black "Koridze, Lile"]
[WhiteFideId "4153472"]
[BlackFideId "13612514"]
[WhiteElo "2469"]
[BlackElo "1978"]
[Result "1-0"]
[Round "06"]
[TimeControl "180+1"]
[Date "2021.12.07"]
[WhiteClock "0:00:06"]
[BlackClock "0:01:41"]

1. e4 c5 2. Nf3 d6 3. Bb5+ Nd7 4. Ba4 a6 5. c3 b5 6. Bc2 Bb7 7. O-O Ngf6 8. Re1 g6 9. d4 cxd4 10. cxd4 Bg7 11. e5 dxe5 12. dxe5 Nd5 13. e6 fxe6 14. Ng5 Nc5 15. Nxh7 Kf7 16. Ng5+ Kg8 17. Bxg6 Qd6 18. Bf7+ Kf8 19. h3 Bf6 20. Bg6 Rg8 21. Qh5 Nf4 22. Bxf4 Qxf4 23. Nh7+ Kg7 24. Nxf6 Kxf6 25. Qxc5 Rxg6 26. Nc3 Rxg2+ 27. Kf1 Rag8 28. Rxe6+ Kxe6 29. Re1+ Kf6 30. Qxe7+ Kg6 31. Re6+ Kh5 32. Qh7+ Kg5 33. Qxg8+ Kf5 34. Qf7+ Kg5 35. Rg6+ Kh5 36. Qh7+ 1-0


[Site "https://www.chess.com"]

[Event "Titled Tuesday Blitz December 7 2021"]
[White "Yang, Kaiqi"]
[Black "Nenezic, Marko"]
[WhiteFideId "8604398"]
[BlackFideId "912123"]
[WhiteElo "2373"]
[BlackElo "2484"]
[Result "0-1"]
[Round "06"]
[TimeControl "180+1"]
[Date "2021.12.07"]
[WhiteClock "0:00:02"]
[BlackClock "0:00:22"]

1. e4 c5 2. Nf3 d6 3. Bb5+ Bd7 4. Bxd7+ Qxd7 5. c4 Nc6 6. Nc3 g6 7. d4 cxd4 8. Nxd4 Bg7 9. Be3 Nf6 10. f3 O-O 11. O-O Rfc8 12. b3 a6 13. Nxc6 Rxc6 14. Rc1 b5 15. Nd5 Qb7 16. Qd3 Rac8 17. cxb5 axb5 18. Nb4 Rxc1 19. Rxc1 Rxc1+ 20. Bxc1 Nd7 21. Be3 Nc5 22. Qd5 Qxd5 23. Nxd5 Kf8 24. Bxc5 dxc5 25. a4 c4 26. bxc4 bxa4 27. Kf2 e6 28. Nb4 Ke7 29. Ke2 Kd6 30. Kd3 Kc5 31. Na2 a3 32. g3 Bb2 33. f4 f6 34. g4 h5 35. gxh5 gxh5 36. h3 f5 37. exf5 exf5 38. h4 Bg7 39. Nc1 Kb4 40. Na2+ Kb3 41. Nc1+ Kb2 0-1


[Site "https://www.chess.com"]

[Event "Titled Tuesday Blitz December 7 2021"]
[White "Yilmaz, Mustafa"]
[Black "Pakleza, Zbigniew"]
[WhiteFideId "6302718"]
[BlackFideId "1119290"]
[WhiteElo "2568"]
[BlackElo "2526"]
[Result "1-0"]
[Round "06"]
[TimeControl "180+1"]
[Date "2021.12.07"]
[WhiteClock "0:01:18"]
[BlackClock "0:00:02"]

1. c4 c6 2. d4 d5 3. cxd5 cxd5 4. Bf4 Nc6 5. e3 Nf6 6. Bd3 Qb6 7. Nc3 Bg4 8. Nge2 e6 9. O-O Bxe2 10. Qxe2 a6 11. Rfc1 Nd7 12. a3 Be7 13. b4 O-O 14. Na4 Qa7 15. Nc5 Nxc5 16. bxc5 g6 17. Qg4 Rac8 18. Rab1 e5 19. dxe5 Bxc5 20. Qd7 Bxa3 21. Rc3 Bb4 22. Rxb4 Nxb4 23. Rxc8 Nxd3 24. Bh6 Qa8 25. Bxf8 1-0


[Site "https://www.chess.com"]

[Event "Titled Tuesday Blitz December 7 2021"]
[White "Zierk, Steven"]
[Black "Kozionov, Kirill"]
[WhiteFideId "2034255"]
[BlackFideId "24101729"]
[WhiteElo "2494"]
[BlackElo "2426"]
[Result "1-0"]
[Round "06"]
[TimeControl "180+1"]
[Date "2021.12.07"]
[WhiteClock "0:00:54"]
[BlackClock "0:00:02"]

1. b3 e5 2. Bb2 Nc6 3. c4 g6 4. e3 Bg7 5. Nf3 d6 6. d4 e4 7. Nfd2 f5 8. Nc3 Nf6 9. Be2 O-O 10. O-O Kh8 11. d5 Ne5 12. Nb5 g5 13. f3 exf3 14. gxf3 Ng6 15. Kh1 Bd7 16. Nd4 Qe7 17. Bd3 Nh5 18. Qe2 Rae8 19. Rae1 c5 20. dxc6 bxc6 21. Ba1 c5 22. Nb5 Bxa1 23. Rxa1 Qxe3 24. Rae1 Qxe2 25. Rxe2 Nhf4 26. Rxe8 Rxe8 27. Bc2 1-0


[Site "https://www.chess.com"]